 Dungeon Crawl Stone Soup version 0.25.1-8-g42b30a86e7 (webtiles) character file.

Game seed: 60382346823945986

16289 Abzac the Grappler (level 12, -4/111 HPs)
             Began as a Troll Transmuter on Dec 16, 2020.
             Was a High Priest of Okawaru.
             Slain by an ogre
             ... wielding a +0 giant spiked club
              (23 damage)
             ... on level 1 of the Orcish Mines.
             The game lasted 00:49:31 (12904 turns).

Abzac the Grappler (Troll Transmuter)              Turns: 12904, Time: 00:49:32

Health: -4/111     AC:  7    Str: 26    XL:     12   Next: 8%
Magic:  19/19      EV: 11    Int: 12    God:    Okawaru [*****.]
Gold:   820        SH:  0    Dex: 16    Spells: 16/22 levels left

rFire    . . .     SeeInvis .     - Unarmed
rCold    . . .     Gourm    +   (no shield)
rNeg     . . .     Faith    .   H - +1 troll leather armour
rPois    .         Spirit   .   (helmet restricted)
rElec    .         Reflect  .   J - scarf {repulsion}
rCorr    .         Harm     .   (gloves unavailable)
MR       .....                  (boots unavailable)
Stlth    +.........             (no amulet)
HPRegen  1.08/turn              w - +6 ring of dexterity
MPRegen  0.16/turn              C - +6 ring of strength

@: repel missiles
A: large, unfitting armour, antennae 1, claws 3, deformed body, fast metabolism
3, gourmand, regeneration 1, shaggy fur 1, tough skin 3, weak 1, MP-powered
wands
a: Heroism, Finesse, Renounce Religion


You were on level 1 of the Orcish Mines.
You worshipped Okawaru.
Okawaru was extremely pleased with you.
You were not hungry.

You visited 3 branches of the dungeon, and saw 13 of its levels.

You collected 890 gold pieces.
You spent 70 gold pieces at shops.

Inventory:

Hand Weapons
 r - a +0 hand crossbow of flaming
Missiles
 a - 282 arrows
Armour
 b - a +0 robe
 B - a cursed +0 robe
 H - a +1 troll leather armour (worn)
 J - a scarf of repulsion (worn)
Jewellery
 e - an uncursed ring of positive energy
 w - a +6 ring of dexterity (left claw)
 C - a +6 ring of strength (right claw)
Wands
 s - a wand of disintegration (31)
 y - a wand of flame (29)
 A - a wand of enslavement (7)
 E - a wand of clouds (3)
Scrolls
 c - a scroll of teleportation
 f - a scroll of random uselessness {unknown}
 h - 4 scrolls of immolation {unknown}
 i - 3 scrolls of amnesia
 l - 2 scrolls of identify
 m - a scroll of fear {unknown}
 o - 2 scrolls of noise
 t - a scroll of blinking {unknown}
 u - a scroll of enchant armour
 D - a scroll of remove curse {unknown}
 F - 2 scrolls of fog {unknown}
Potions
 g - 2 potions of invisibility {unknown}
 j - a potion of lignification
 k - 3 potions of resistance
 n - 2 potions of heal wounds
 p - 2 potions of mutation
 q - 2 potions of might {unknown}
 v - a potion of flight {unknown}
 x - a potion of curing
 z - 2 potions of cancellation {unknown}
Miscellaneous
 G - a lightning rod (4/4)
Comestibles
 d - 16 rations


   Skills:
 + Level 5.5 Fighting
 + Level 1.2 Armour
 - Level 3.1 Dodging
 - Level 10.1 Unarmed Combat
 - Level 5.5 Spellcasting
 * Level 10.0 Transmutations
 - Level 3.1 Invocations


You had 16 spell levels left.
You knew the following spells:

 Your Spells              Type           Power        Failure   Level  Hunger
a - Beastly Appendage     Tmut           ####..       1%          1    None
b - Blade Hands           Tmut           ####......   10%         5    ######.

Your spell library contained the following spells:

 Spells                   Type           Power        Failure   Level  Hunger
 Sticks to Snakes         Tmut           ####....     1%          2    ##.....
 Spider Form              Tmut/Pois      ###.......   9%          3    ###....
 Ice Form                 Ice/Tmut       ###.....     26%         4    ####...


Dungeon Overview and Level Annotations

Branches:
Dungeon (10/15)            Temple (1/1) D:5             Orc (2/2) D:9
    Elf (0/3) Orc:2
   Lair: D:8-11

Altars:
Ashenzari
Cheibriados
Dithmenos
Elyvilon
Fedhas
Gozag
Hepliaklqana
Kikubaaqudgha
Makhleb
Nemelex Xobeh
Okawaru
Qazlal
Ru
Sif Muna
Trog
Uskayaw
Vehumet
Wu Jian
Xom
Yredelemnul
Zin
The Shining One

Shops:
D:5 !

Annotations:
D:4 Menkaure


Innate Abilities, Weirdness & Mutations

You are too large for most types of armour.
You have claws for hands.
Your metabolism is lightning-fast.
You like to eat raw meat.
Your natural rate of healing is unusually fast.
You are covered in fur. (AC +1)
You have extremely tough skin. (AC +3)
You have a pair of small antennae on your head.
Armour fits poorly on your strangely shaped body.
You are weak. (Str -2)
You expend magic power (3 MP) to strengthen your wands.


Message History

Items here: )) [[ a +0 chain mail; a +0 mace; a +0 robe; a cursed -1 spear The ogre closely misses you.
You see here a +0 giant spiked club.
Items here: ))) [ a cursed +0 leather armour; a +0 falchion; a +0 antimagic dire flail a +0 giant spiked club
There is a stone staircase leading up, spattered with blood here.
The ogre hits you with a +0 giant spiked club!!
* * * LOW HITPOINT WARNING * * *
You climb upwards.
There is a stone staircase leading down, spattered with blood here.
Things that are here:
a +0 giant club x2
You scratch the ogre.
The ogre is moderately wounded.
You barely miss the ogre.
The ogre is moderately wounded.
The ogre hits you with a +0 giant spiked club!!
You die...

### ### ### ##.#### ##.##
#.## #.....####...###..##
##....##.......#...#
##......#.#.#.#.###
###........#......##
#.#....))#.#.......#####
##.....#)@O......#....#.##
##......###))....##.#).#..#
#...........[....####......
##....#..[......## #......#
#.....#.)[......###...#...
##......[.).###.....[)##.#
#........###.........####
##........###.#...#.##
#.........#####.#####


You could see an ogre.

Vanquished Creatures
  4 ogre magi (Orc:2)
  9 two-headed ogres
  3 trolls
  A hippogriff (D:7)
  A wyvern (D:9)
  A human (D:9)
  2 wargs (D:9)
  2 sky beasts
  12 orc warriors
  2 phantoms
  23 ogres
  6 centaurs
  2 big kobolds
  3 bullfrogs
  A gnoll sergeant (D:8)
  2 scorpions
  A killer bee (D:7)
  9 wights
  4 howler monkeys
  A bullfrog zombie (D:9)
  A crimson imp (D:5)
  3 hounds
  4 jellies
  15 orc priests
  16 orc wizards
  A centaur skeleton (D:7)
  2 iguanas
  3 worker ants
  2 hound zombies
  2 hound skeletons
  9 adders
  7 gnolls
  A shadow imp (D:6)
  5 worms
  5 dart slugs
  5 leopard geckos
  69 orcs
  4 giant cockroaches
  9 goblins
  7 hobgoblins
  7 jackals
  6 bats
  5 frilled lizards
  12 kobolds
  11 rats
300 creatures vanquished.

Vanquished Creatures (others)
  An orc (Orc:1)
1 creature vanquished.

Grand Total: 301 creatures vanquished

Notes
Turn   | Place    | Note
-------+----------+-------------------------------------------
     0 | D:1      | Abzac the Troll Transmuter began the quest for the Orb.
     0 | D:1      | Reached XP level 1. HP: 18/18 MP: 1/1
   129 | D:1      | Reached XP level 2. HP: 26/26 MP: 2/2
   882 | D:2      | Reached XP level 3. HP: 31/32 MP: 3/3
  1143 | D:2      | Found a radiant altar of Vehumet.
  1411 | D:2      | Reached XP level 4. HP: 40/40 MP: 4/4
  1959 | D:3      | Noticed a moth of wrath
  1962 | D:3      | Found a bloodstained altar of Trog.
  2055 | D:3      | Found a faded altar of an unknown god.
  2285 | D:3      | Reached XP level 5. HP: 42/46 MP: 5/5
  2579 | D:4      | Noticed an ogre
  2600 | D:3      | Killed an ogre
  2825 | D:4      | Noticed Menkaure
  2856 | D:5      | Entered Level 5 of the Dungeon
  2856 | D:5      | Found a staircase to the Ecumenical Temple.
  2927 | D:5      | Reached XP level 6. HP: 51/54 MP: 6/6
  2930 | Temple   | Entered the Ecumenical Temple
  3027 | Temple   | Became a worshipper of Warmaster Okawaru
  3236 | D:5      | Reached skill level 1 in Fighting
  3249 | D:5      | Reached skill level 5 in Unarmed Combat
  3282 | D:5      | Found Pyotucy's Distillery.
  3290 | D:5      | Bought a potion of heal wounds for 70 gold pieces
  3323 | D:5      | Reached XP level 7. HP: 59/62 MP: 8/8
  3491 | D:5      | Reached * piety under Okawaru
  4317 | D:6      | Reached XP level 8. HP: 55/74 MP: 10/10
  4376 | D:6      | Reached skill level 5 in Transmutations
  4503 | D:7      | Noticed a hippogriff
  4530 | D:7      | Killed a hippogriff
  4530 | D:7      | Reached ** piety under Okawaru
  4729 | D:7      | Found an ancient bone altar of Kikubaaqudgha.
  5058 | D:7      | Reached XP level 9. HP: 65/85 MP: 8/11
  5547 | D:7      | HP: 3/85 [poisoned by a killer bee]
  5987 | D:8      | Reached skill level 5 in Fighting
  6262 | D:8      | Found a blossoming altar of Fedhas.
  6262 | D:8      | Found a glowing silver altar of Zin.
  7183 | D:9      | Reached *** piety under Okawaru
  7426 | D:9      | Found a staircase to the Orcish Mines.
  8091 | D:9      | Gained mutation: You have a pair of small antennae on your
                  | head. [potion of mutation]
  8091 | D:9      | Gained mutation: You are weak. (Str -2) [potion of
                  | mutation]
  8091 | D:9      | Gained mutation: You expend magic power (3 MP) to
                  | strengthen your wands. [potion of mutation]
  8326 | D:9      | Found an ornate altar of the Wu Jian Council.
  8355 | D:9      | Noticed a two-headed ogre
  8359 | D:9      | Killed a two-headed ogre
  8359 | D:9      | Reached **** piety under Okawaru
  8359 | D:9      | Reached XP level 10. HP: 69/96 MP: 10/14
  9105 | D:9      | Found a burning altar of Makhleb.
  9105 | D:9      | Noticed an Executioner
  9237 | D:10     | Entered Level 10 of the Dungeon
  9617 | D:10     | Noticed a gargoyle
  9692 | Orc:1    | Entered Level 1 of the Orcish Mines
 10023 | Orc:1    | Noticed a stone giant
 10265 | Orc:2    | Entered Level 2 of the Orcish Mines
 10475 | Orc:2    | Reached ***** piety under Okawaru
 11025 | Orc:2    | Found a staircase to the Elven Halls.
 11071 | Orc:2    | Noticed a two-headed ogre
 11071 | Orc:2    | Noticed a two-headed ogre
 11071 | Orc:2    | Noticed a two-headed ogre
 11073 | Orc:2    | Noticed a two-headed ogre
 11074 | Orc:2    | Noticed an ogre mage
 11080 | Orc:2    | Noticed an orc sorcerer
 11095 | Orc:2    | Noticed a two-headed ogre
 11227 | Orc:1    | Killed a two-headed ogre
 11227 | Orc:1    | Reached XP level 11. HP: 16/104 MP: 13/16
 11315 | Orc:1    | Learned a level 5 spell: Blade Hands
 11403 | Orc:2    | Killed an ogre mage
 11403 | Orc:2    | Reached skill level 10 in Unarmed Combat
 11465 | Orc:2    | Noticed a two-headed ogre
 11471 | Orc:2    | Killed a two-headed ogre
 11471 | Orc:2    | Received a gift from Okawaru
 11479 | Orc:2    | Killed a two-headed ogre
 11484 | Orc:2    | Noticed a two-headed ogre
 11672 | Orc:2    | Killed a two-headed ogre
 11734 | Orc:2    | Reached skill level 5 in Spellcasting
 11746 | Orc:2    | Noticed an ogre mage
 11760 | Orc:2    | Paralysed by an ogre mage for 3 turns
 12039 | Orc:2    | Killed an ogre mage
 12039 | Orc:2    | Reached skill level 1 in Invocations
 12042 | Orc:2    | Gained mutation: Armour fits poorly on your strangely
                  | shaped body. [mutagenic glow]
 12121 | Orc:2    | Noticed an ogre mage
 12335 | Orc:2    | Killed an ogre mage
 12606 | Orc:2    | Noticed a two-headed ogre
 12614 | Orc:2    | Killed a two-headed ogre
 12628 | Orc:2    | Noticed a two-headed ogre
 12635 | Orc:2    | Killed a two-headed ogre
 12652 | Orc:2    | Killed a two-headed ogre
 12712 | Orc:2    | Noticed a two-headed ogre
 12721 | Orc:2    | Killed a two-headed ogre
 12721 | Orc:2    | Reached XP level 12. HP: 93/111 MP: 13/19
 12785 | Orc:2    | Noticed an ogre mage
 12809 | Orc:2    | Killed an ogre mage
 12809 | Orc:2    | Reached skill level 1 in Armour
 12863 | Orc:2    | Reached skill level 10 in Transmutations
 12904 | Orc:1    | Slain by an ogre

Illustrated notes

Levels and vault maps discovered:
D:1:      dpeg_arrival_rooms_with_view, layout_loops_ring, minmay_misc_feat_iff,
          nrook_mini_vaults, minmay_heptomino_o4
D:2:      layout_basic, nicolae_overflow_hidden_temple, first_ration
D:3:      minmay_wonky_spiral, layout_rooms, tgw_trog,
          chequers_ecumenical_altar_simple, skrybe_limestone_x, minmay_bisected
D:4:      layout_rooms, uniq_menkaure
D:5:      layout_rooms, minmay_temple_entry_sparse_star, serial_shops,
          nicolae_shop_trees
D:6:      layout_cave_pods
D:7:      layout_rooms, lemuel_doored_altar, serial_rivers,
          chequers_serial_rivers_room_a, chequers_serial_rivers_micro_a,
          chequers_serial_rivers_room_a, chequers_serial_rivers_room_b,
          chequers_serial_rivers_marsh, chequers_serial_rivers_micro_e
D:8:      layout_gridville, gammafunk_temple_overflow_wave, blue_anna_alchemist
          [blue_anna_fruit_fields, blue_anna_fruit_fields]
D:9:      layout_irregular_city, erik_orc_4, basic_altar,
          makhleb_altar_promises_db
D:10:     minmay_the_grid_octo_2x2 [minmay_the_grid_octo_clover_2,
          minmay_the_grid_octo_focus, minmay_the_grid_octo_checkerflower,
          minmay_the_grid_octo_prize_square_snowflake], layout_basic
Temple:   minmay_temple_bridge_d
Orc:1:    nicolae_orc_accident_1, layout_diamond_mine
Orc:2:    st_orc_ogre_mass, layout_caves

Skill      XL: |  1  2  3  4  5  6  7  8  9 10 11 12 |
---------------+-------------------------------------+-----
Transmutations | 2 3 4 5 7 8 9 10 | 10.0
Unarmed Combat | 4 5 7 8 9 10 | 10.1
Fighting       | 1 2 4 5 |  5.5
Spellcasting   | 2 3 4 5 |  5.5
Dodging        | 3 |  3.1
Invocations    | 3 |  3.1
Armour         | 1 |  1.2

Action                   |  1- 3 |  4- 6 |  7- 9 | 10-12 || total
-------------------------+-------+-------+-------+-------++-------
Melee: Unarmed           |   135 |   163 |   317 |   293 ||   908
       Punch             |     1 |     1 |     7 |    21 ||    30
       Headbutt          |       |     3 |     3 |       ||     6
       Kick              |       |     8 |    26 |    26 ||    60
 Cast: Beastly Appendage |     3 |     9 |    16 |    14 ||    42
       Blade Hands       |       |       |       |    10 ||    10
Invok: Heroism           |       |       |     8 |    14 ||    22
  Use: Scroll            |       |       |     8 |     5 ||    13
       Potion            |       |       |     5 |     2 ||     7
  Eat: Chunk             |    18 |    18 |    38 |    44 ||   118
       Ration            |       |       |       |     2 ||     2
Armor: Robe              |    66 |    39 |    94 |    13 ||   212
       Troll leather arm |       |       |       |    44 ||    44
Dodge: Dodged            |    98 |    61 |   177 |   163 ||   499
       Repelled          |       |       |       |     5 ||     5
